 Dungeon Crawl Stone Soup version 0.31-a0-210-gccc998df9b (webtiles) character file.

Game seed: 14270254219881011690

1011 qw the Skirmisher (level 8, -6/70 HPs)
             Began as a Minotaur Hexslinger on June 30, 2023.
             Mangled by a yak (12 damage)
             ... on level 5 of the Dungeon.
             The game lasted 00:01:33 (4647 turns).

qw the Skirmisher (Minotaur Hexslinger)             Turns: 4647, Time: 00:01:33

Health: -6/70      AC:  7    Str: 13    XL:     8   Next: 1%
Magic:  8/8        EV: 11    Int: 10    God:
Gold:   276        SH:  0    Dex: 15    Spells: 8/9 levels left

rFire   . . .        Y - +2 sling
rCold   . . .        (no shield)
rNeg    . . .        a - +0 ring mail
rPois   .            (helmet restricted)
rElec   .            (no cloak)
rCorr   .            g - +1 pair of gloves
SInv    .            (no boots)
Will    .....        (no amulet)
Stlth   +            (no ring)
HPRegen 0.31/turn    (no ring)
MPRegen 0.11/turn

%: no passive effects
@: about to teleport
A: horns 2, retaliatory headbutt, deterioration 1, passive freeze, MP-powered
wands
a: no special abilities


You were on level 5 of the Dungeon.
You visited 1 branch of the dungeon, and saw 5 of its levels.
You also visited: Sewer.

You collected 276 gold pieces.


Innate Abilities, Weirdness & Mutations

You have a pair of horns on your head.
You reflexively headbutt those who attack you in melee.
Your body sometimes deteriorates upon taking damage.
A frigid envelope surrounds you and freezes all who hurt you.
You expend magic power (3 MP) to strengthen your wands.


   Skills:
 - Level 6.1 Fighting
 + Level 8.0 Ranged Weapons
 - Level 3.5 Armour
 - Level 2.1 Dodging
 - Level 1.0 Spellcasting
 - Level 2.0 Hexes


You had 8 spell levels left.
You knew the following spells:

 Your Spells              Type           Power      Damage    Failure   Level
a - Slow                  Hex            16%        N/A       30%         1

Your spell library contained the following spells:

 Spells                   Type           Power      Damage    Failure   Level
 Inner Flame              Hex/Fire       2%         N/A       80%         3
 Portal Projectile        Hex/Tloc       4%         N/A       80%         3
 Cause Fear               Hex            2%         N/A       97%         4

Inventory:

Hand Weapons
 Y - a +2 sling (weapon)
Armour
 a - a +0 ring mail (worn)
 g - a +1 pair of gloves (worn)
Scrolls
 b - a scroll of teleportation
 c - a scroll of identify
Potions
 d - a potion of resistance {unknown}
 e - a potion of enlightenment {unknown}
 f - a potion of mutation
 h - a potion of invisibility {unknown}
 i - a potion of cancellation {unknown}
 j - a potion of brilliance {unknown}
 k - 3 potions of might
 l - a potion of berserk rage {unknown}
 m - a potion of haste {unknown}
 n - a potion of lignification {unknown}

Dungeon Overview and Level Annotations

Branches:
Dungeon (5/15)              Sewer (visited)
 Temple: D:4-7

Altars:
Gozag
Kikubaaqudgha
Trog
Zin

Shops:
D:4 :


Message History

The yak is moderately wounded.
The yak misses you. You furiously retaliate!
You headbutt the yak. The yak closely misses you.
You shoot a sling bullet. The sling bullet hits the yak.
The yak is heavily wounded.
The yak barely misses you. The yak gores you!
The yak is very cold.
The yak is severely wounded.
You shoot a sling bullet.
The sling bullet hits the yak but does no damage.
The yak is severely wounded.
The yak barely misses you. You furiously retaliate!
You headbutt the yak. The yak gores you but does no damage.
The yak is very cold.
The yak is severely wounded.
You shoot a sling bullet. The sling bullet barely misses the yak.
The yak gores you!
The yak is very cold.
The yak is moderately wounded.
The yak closely misses you. You furiously retaliate!
You headbutt the yak, but do no damage. The yak barely misses you. x2
You furiously retaliate!
You headbutt the yak. You shoot a sling bullet. The sling bullet hits the yak.
You kill the yak!
The yak gores you!
The yak is very cold.
The yak is severely wounded.
The yak gores you!
The yak is very cold.
The yak is moderately wounded.
Your Armour skill gained 2 levels and is now at level 3!
You have reached level 8!
You feel agile.
You shoot a sling bullet. The sling bullet barely misses the yak.
The yak gores you!
The yak is very cold.
The yak is severely wounded.
The yak gores you.
The yak is very cold.
The yak is moderately wounded.
4646 ||| READING 2 scrolls of teleportation.
As you read the scroll of teleportation, it crumbles to dust.
You feel strangely unstable. The yak barely misses you. x2
You shoot a sling bullet. The sling bullet hits the yak.
The yak is almost dead.
The yak gores you!
You die...

..# ###.###
##..##
...#####..##
##..#
#.........#
#..#
##........##
##.#
#.<..###/>##
### #....#
###.##
#..#..#
##.###
#..###.#
##..#######
..# ##.
##.@Y....#
.# .#
##%Y...... #
.# ######...
.# $


You could see 2 yaks.

Vanquished Creatures
  Sigmund (D:4)
  2 yaks (D:5)
  An ogre (D:5)
  A kobold brigand (Sewer)
  A bullfrog (D:5)
  A hound (D:5)
  An orc priest (D:4)
  Ijyb (D:4)
  3 orc wizards (D:4)
  9 adders
  3 worms
  2 dart slugs
  15 orcs
  5 bats
  11 endoplasms
  4 giant cockroaches
  4 goblins
  3 hobgoblins
  4 jackals (D:1)
  5 quokkas
  10 ball pythons
  A frilled lizard (D:2)
  8 kobolds
  11 rats
107 creatures vanquished.

Notes
Turn   | Place    | Note
-------+----------+-------------------------------------------
     0 | D:1      | qw the Minotaur Hexslinger began the quest for the Orb.
     0 | D:1      | Reached XP level 1. HP: 16/16 MP: 1/1
     0 | D:1      | 0 ||| qw: Version: 0.3-a-26-gee661ec
     0 | D:1      | 0 ||| qw: Game counter: 7298
     0 | D:1      | 0 ||| qw: Melee chars always use a shield: true
     0 | D:1      | 0 ||| qw: God list: Okawaru
     0 | D:1      | 0 ||| qw: Allow faded altars: false
     0 | D:1      | 0 ||| qw: Do Orc after clearing Dungeon:15 true
     0 | D:1      | 0 ||| qw: Do second Lair branch before Depths: true
     0 | D:1      | 0 ||| qw: Lair rune preference: random
     0 | D:1      | 0 ||| qw: Goals: Normal
     0 | D:1      | 0 ||| PLANNING D:1-11
   140 | D:1      | Reached skill level 3 in Ranged Weapons
   166 | D:1      | Reached XP level 2. HP: 22/23 MP: 2/2
   502 | D:1      | Found a faded altar of an unknown god.
   658 | D:1      | Reached XP level 3. HP: 29/29 MP: 3/3
   730 | D:1      | 730 ||| UPGRADING to +0 leather armour.
   740 | D:1      | 740 ||| DROPPING +0 robe.
   741 | D:1      | 741 ||| READING scroll labelled COMUR IVOULIU.
   742 | D:1      | 742 ||| READING scroll labelled OLECOPUFUFYE.
   743 | D:1      | 743 ||| READING scroll labelled NUEGIRCH IDAOD.
   744 | D:1      | 744 ||| READING scroll labelled RIEQYS XOWEPH.
   745 | D:1      | 745 ||| READING scroll labelled LODEDGH APSIYB.
   746 | D:1      | 746 ||| DRINKING 2 inky potions.
   746 | D:1      | Gained mutation: You expend magic power (3 MP) to
                  | strengthen your wands. [potion of mutation]
   746 | D:1      | Gained mutation: Your body sometimes deteriorates upon
                  | taking damage. [potion of mutation]
   746 | D:1      | Gained mutation: A frigid envelope surrounds you and
                  | freezes all who hurt you. [potion of mutation]
   747 | D:1      | 747 ||| DROPPING scroll of poison.
  1082 | D:2      | Reached skill level 4 in Ranged Weapons
  1427 | D:2      | Reached XP level 4. HP: 36/36 MP: 4/4
  1752 | D:2      | 1752 ||| READING scroll labelled WEZULITRU.
  1757 | D:2      | 1757 ||| DRINKING 2 glowing grey potions.
  1795 | D:3      | 1795 ||| PLANNING SEWER
  1832 | D:3      | Found a glowing drain.
  1836 | D:3      | 1836 ||| Stepping ~*~*~tactically~*~*~ (water).
  1849 | Sewer    | Entered a sewer
  1857 | Sewer    | 1857 ||| Stepping ~*~*~tactically~*~*~ (water).
  1873 | Sewer    | 1873 ||| Stepping ~*~*~tactically~*~*~ (water).
  1876 | Sewer    | Reached skill level 5 in Ranged Weapons
  1903 | Sewer    | 1903 ||| Stepping ~*~*~tactically~*~*~ (water).
  1975 | Sewer    | Noticed a kobold brigand
  1983 | Sewer    | Killed a kobold brigand
  1984 | Sewer    | Reached XP level 5. HP: 17/46 MP: 5/5
  2245 | Sewer    | 2245 ||| Stepping ~*~*~tactically~*~*~ (water).
  2276 | Sewer    | 2276 ||| READING scroll labelled VIAPEAPNOA.
  2304 | D:3      | 2304 ||| PLANNING D:1-11
  2465 | D:3      | Found an opulent altar of Gozag.
  2961 | D:3      | 2961 ||| UPGRADING to +0 pair of gloves.
  2966 | D:3      | 2966 ||| READING scroll of enchant armour.
  2966 | D:3      | 2966 ||| ENCHANTING +0 pair of gloves.
  2967 | D:3      | 2967 ||| READING scroll labelled TYMAIW BAOGUL.
  2968 | D:3      | 2968 ||| READING 3 scrolls of identify.
  2968 | D:3      | 2968 ||| IDENTIFYING fuming white potion
  2969 | D:3      | 2969 ||| READING 2 scrolls of identify.
  2969 | D:3      | 2969 ||| IDENTIFYING amethyst potion
  2970 | D:3      | 2970 ||| DROPPING potion of degeneration.
  2971 | D:3      | 2971 ||| DROPPING potion of attraction.
  3098 | D:4      | Reached skill level 6 in Ranged Weapons
  3098 | D:4      | Reached XP level 6. HP: 39/52 MP: 6/6
  3119 | D:4      | Reached skill level 1 in Armour
  3144 | D:4      | 3144 ||| FLEEEEING.
  3145 | D:4      | 3145 ||| FLEEEEING.
  3146 | D:4      | 3146 ||| FLEEEEING.
  3147 | D:4      | 3147 ||| FLEEEEING.
  3148 | D:4      | 3148 ||| FLEEEEING.
  3149 | D:4      | 3149 ||| STAIRDANCE
  3288 | D:4      | Found an ancient bone altar of Kikubaaqudgha.
  3386 | D:4      | Found a glowing silver altar of Zin.
  3411 | D:4      | Found Nalamum's Book Shop.
  3667 | D:4      | Noticed Ijyb
  3671 | D:4      | HP: 10/52 [Ijyb/iceblast (20)]
  3672 | D:4      | 3672 ||| READING 2 scrolls of teleportation.
  3867 | D:4      | Noticed Sigmund
  3885 | D:4      | Killed Sigmund
  3886 | D:4      | Reached skill level 7 in Ranged Weapons
  3886 | D:4      | Reached XP level 7. HP: 40/59 MP: 7/7
  3907 | D:4      | Killed Ijyb
  4072 | D:4      | Found a bloodstained altar of Trog.
  4197 | D:4      | 4197 ||| UPGRADING to +0 ring mail.
  4207 | D:4      | 4207 ||| DROPPING +0 leather armour.
  4251 | D:5      | Entered Level 5 of the Dungeon
  4335 | D:5      | Reached skill level 8 in Ranged Weapons
  4529 | D:5      | 4529 ||| STAIRDANCE
  4548 | D:5      | Noticed a yak
  4556 | D:5      | Killed a yak
  4557 | D:5      | Reached skill level 6 in Fighting
  4632 | D:5      | Noticed a yak
  4633 | D:5      | Noticed a yak
  4637 | D:5      | Noticed a yak
  4644 | D:5      | Killed a yak
  4645 | D:5      | Reached skill level 3 in Armour
  4645 | D:5      | Reached XP level 8. HP: 20/70 MP: 8/8
  4645 | D:5      | HP: 6/70 [yak (14)]
  4646 | D:5      | 4646 ||| READING 2 scrolls of teleportation.
  4647 | D:5      | Mangled by a yak

Levels and vault maps discovered:
D:1:      psy_arrival_statuary, layout_loops_ring,
          nicolae_ecumenical_lake_church
D:2:      layout_loops_corners, corexii_corridor_pit
D:3:      layout_basic, lemuel_crystal_altar, cheibrodos_sewer_entry_bend,
          dreamdust_princess_bridge
D:4:      nicolae_cairo_tiling_large, layout_basic,
          mainiacjoe_overflow_boulevard, nicolae_kikubaaqudgha_miasma_corner,
          lightli_temple_of_fire, nicolae_take_the_stairs, uniq_ijyb,
          uniq_sigmund
D:5:      layout_layer_cave, grunt_temple_overflow_cloverleaf

Skill      XL: |  1  2  3  4  5  6  7 |
---------------+----------------------+-----
Ranged Weapons | 3 4 5 6 7 8 |  8.0
Fighting       | 2 4 6 |  6.1
Armour         | 1 3 |  3.5
Dodging        | |  2.1
Spellcasting   | |  1.0
Hexes          | |  2.0

Action                     |  1- 3 |  4- 6 |  7- 9 || total
---------------------------+-------+-------+-------++-------
   Fire: Sling             |    98 |   182 |    62 ||   342
    Use: Scroll            |     5 |     7 |     1 ||    13
         Potion            |     1 |     1 |       ||     2
 Armour: Robe              |     6 |       |       ||     6
         Leather armour    |     4 |     9 |     1 ||    14
         Ring mail         |       |       |     5 ||     5
  Dodge: Dodged            |    16 |    24 |    21 ||    61

Table legend:
 A = Non-vault XP
 B = Vault XP
 C = Vault XP percentage of total XP
 D = Non-vault monster count
 E = Vault monster count
 F = Vault count percentage of total count
                 A         B        C        D         E       F
            +---------+---------+-------+---------+---------+-------
      Total |    1016 |     429 |  29.7 |      86 |      21 |  19.6
            +---------+---------+-------+---------+---------+-------
        D:1 |      41 |       0 |   0.0 |      23 |       0 |   0.0
        D:2 |      78 |       0 |   0.0 |      19 |       0 |   0.0
        D:3 |      28 |       5 |  15.2 |      10 |       1 |   9.1
        D:4 |     205 |     262 |  56.1 |      25 |       2 |   7.4
        D:5 |     664 |       0 |   0.0 |       9 |       0 |   0.0
      Sewer |       0 |     162 | 100.0 |       0 |      18 | 100.0
            +---------+---------+-------+---------+---------+-------
